 Dungeon Crawl Stone Soup version 0.24.0-123-gd5b16e6ec5 (webtiles) character file.

Game seed: 11617139779698984901, levelgen mode: deterministic

158 Bergy the Cudgeler (level 5, 0/28 HPs)
             Began as a Gargoyle Fighter on Dec 31, 2019.
             Slain by Sigmund
             ... wielding a +0 scythe
              (2 damage)
             ... on level 2 of the Dungeon.
             The game lasted 00:04:47 (1984 turns).

Bergy the Cudgeler (Gargoyle Fighter)               Turns: 1984, Time: 00:04:48

Health: 0/28       AC: 12    Str: 21    XL:     5   Next: 39%
Magic:  5/5        EV:  7    Int:  8    God:
Gold:   91         SH:  9    Dex:  9    Spells: 4/4 levels left

rFire    . . .     SeeInvis .   k - +0 morningstar
rCold    . . .     Gourm    .   c - +0 shield
rNeg     + . .     Faith    .   b - +0 scale mail
rPois    ∞         Spirit   .   (no helmet)
rElec    +         Reflect  .   (no cloak)
rCorr    .         Harm     .   (no gloves)
MR       +....     Rnd*Rage +   (no boots)
Stlth    ..........             (no amulet)
HPRegen  0.09/turn              (no ring)
MPRegen  0.09/turn              (no ring)

@: no status effects
A: molten scales 1, berserk 1, frail 1, magic resistance 1, negative energy
resistance 1, electricity resistance, unbreathing, petrification resistance, rot
immunity, AC +4
a: no special abilities


You were on level 2 of the Dungeon.
You were not hungry.

You visited 1 branch of the dungeon, and saw 2 of its levels.

You collected 91 gold pieces.

Inventory:

Hand Weapons
 k - a +0 morningstar (weapon)
Armour
 b - a +0 scale mail (worn)
 c - a +0 shield (worn)
Jewellery
 j - a cursed -2 ring of dexterity {unknown}
Wands
 h - a wand of polymorph (1)
Scrolls
 e - a scroll of amnesia {unknown}
 g - 2 scrolls of identify {unknown}
 l - a scroll of teleportation {unknown}
Potions
 d - a potion of might
Comestibles
 f - 2 rations


   Skills:
 - Level 3.2 Fighting
 * Level 5.4 Maces & Flails
 - Level 3.2 Armour
 - Level 3.2 Shields


You had 4 spell levels left.
You didn't know any spells.
Your spell library was empty.

Dungeon Overview and Level Annotations

Branches:
Dungeon (2/15)

Altars:
Dithmenos
Fedhas
Qazlal

Annotations:
D:2 exclusion: oklob plant, Sigmund


Innate Abilities, Weirdness & Mutations

You are resistant to torment.
Your stone body is resilient. (AC +4)
You are immune to poison.
You resist negative energy. (rN+)
You are resistant to electric shocks. (rElec)
You can survive without breathing.
You are immune to petrification.
You are immune to rotting.
You are partially covered in molten scales. (AC +2)
You tend to lose your temper in combat.
You are frail. (-10% HP)
You are resistant to hostile enchantments. (MR+)


Message History

The magic dart hits you.
You sock Sigmund!
Sigmund is severely wounded.
Sigmund casts a spell.
Sigmund flickers and vanishes!
Deactivating autopickup; reactivate with Ctrl-A.
Something hits you!
You closely miss something. You closely miss something.
You hear some strange, mumbled words.
A magic dart appears from out of thin air!
The magic dart hits you!
* * * LOW HITPOINT WARNING * * *
You block something's attack.
You miss something. You closely miss something.
Something hits you but does no damage.
You miss something. Something hits you.
* * * LOW HITPOINT WARNING * * *
You miss something. Something hits you.
You die...

# ###### #. #....#
#####.########....########
..................).......
#........÷.<..########
#.###.####....# #### # #{#
#....# #... #@# #....#
#.## #.# ###### #.## #.#
#.## #.# #...
#.#############.##
.................. ..#
###....####.## ..# #....#
#.## ...#####....####.##


There were no monsters in sight!

Vanquished Creatures
  Jessica (D:2)
  Natasha (thrice) (D:2)
  2 adders (D:2)
  An orc (D:2)
  A ball python (D:2)
  5 bats
  3 giant cockroaches (D:1)
  7 goblins
  3 hobgoblins
  4 kobolds
  A quokka (D:2)
  7 frilled lizards
  2 rats
40 creatures vanquished.

Notes
Turn   | Place    | Note
-------+----------+-------------------------------------------
     0 | D:1      | Bergy the Gargoyle Fighter began the quest for the Orb.
     0 | D:1      | Reached XP level 1. HP: 14/14 MP: 1/1
   192 | D:1      | Reached XP level 2. HP: 15/19 MP: 2/2
   411 | D:1      | Reached skill level 3 in Maces & Flails
   833 | D:2      | Found a shadowy altar of Dithmenos.
   839 | D:2      | Reached XP level 3. HP: 23/23 MP: 3/3
   852 | D:2      | Found a stormy altar of Qazlal.
  1082 | D:2      | Noticed Natasha
  1095 | D:2      | Killed Natasha
  1095 | D:2      | Reached skill level 4 in Maces & Flails
  1095 | D:2      | Reached XP level 4. HP: 18/28 MP: 4/4
  1219 | D:2      | Noticed Jessica
  1236 | D:2      | Killed Jessica
  1363 | D:2      | Found a blossoming altar of Fedhas.
  1374 | D:2      | Noticed an oklob plant
  1454 | D:2      | Noticed Natasha
  1478 | D:2      | Killed Natasha
  1478 | D:2      | Reached skill level 5 in Maces & Flails
  1478 | D:2      | Reached XP level 5. HP: 24/32 MP: 5/5
  1524 | D:2      | Noticed Natasha
  1578 | D:2      | Gained mutation: You are frail. (-10% HP) [potion of
                  | mutation]
  1578 | D:2      | Gained mutation: You tend to lose your temper in combat.
                  | [potion of mutation]
  1578 | D:2      | Gained mutation: You are partially covered in molten
                  | scales. (AC +2) [potion of mutation]
  1578 | D:2      | Gained mutation: You are resistant to hostile enchantments.
                  | (MR+) [potion of mutation]
  1583 | D:2      | Killed Natasha
  1939 | D:2      | Noticed Sigmund
  1984 | D:2      | Slain by Sigmund

Levels and vault maps discovered:
D:1:      lemuel_arrival_tunnels, layout_loops_ring, st_stairs_12,
          serial_bayou_pond_c
D:2:      layout_basic, overflow_temple_1_default, tgw_fedhas, first_ration,
          grunt_dithmenos_smoke, uniq_natasha, uniq_sigmund, uniq_jessica

Skill      XL: |  1  2  3  4 |
---------------+-------------+-----
Maces & Flails | 3 4 5 |  5.4
Fighting       | |  3.2
Armour         | |  3.2
Shields        | |  3.2

Action                   |  1- 3 |  4- 6 || total
-------------------------+-------+-------++-------
Melee: Flail             |   110 |       ||   110
       Morningstar       |    29 |    77 ||   106
  Use: Potion            |       |     2 ||     2
  Eat: Chunk             |     1 |     3 ||     4
Armor: Scale mail        |    75 |    38 ||   113
Dodge: Dodged            |    47 |    19 ||    66
Block: Shield            |    75 |    30 ||   105
